 Dungeon Crawl Stone Soup version 0.27.1-3-gb3d3a73c9e (webtiles) character file.

Game seed: 13685474296474395221

1120 andesha the Cudgeller (level 8, 0/73 HPs)
             Began as a Minotaur Berserker on Oct 17, 2021.
             Was an Elder of Trog.
             Killed from afar by an acid dragon (8 damage)
             ... with a splash of acid
             ... on level 6 of the Dungeon.
             The game lasted 00:13:44 (5493 turns).

andesha the Cudgeller (Minotaur Berserker)          Turns: 5493, Time: 00:13:44

Health: 0/73       AC: 13    Str: 24    XL:     8   Next: 12%
Magic:  7/7        EV:  7    Int: 10    God:    Trog [****..]
Gold:   315        SH:  0    Dex: 10    Spells: 7/7 levels left

rFire    . . .     SeeInvis .   a - +0 mace
rCold    . . .     Faith    .   (no shield)
rNeg     . . .     Spirit   .   p - +1 plate armour
rPois    .         Reflect  .   (helmet restricted)
rElec    .         Harm     .   (no cloak)
rCorr    .         Rampage  .   (no gloves)
Will     .....                  (no boots)
Stlth    ..........             (no amulet)
HPRegen  0.22/turn              h - +6 ring of intelligence
MPRegen  0.10/turn              (no ring)

@: no status effects
A: horns 2, retaliatory headbutt
a: Renounce Religion, Berserk, Trog's Hand, Brothers in Arms


You were on level 6 of the Dungeon.
You worshipped Trog.
Trog was greatly pleased with you.
You visited 1 branch of the dungeon, and saw 6 of its levels.
You also visited: Sewer.

You collected 315 gold pieces.

Inventory:

Hand Weapons
 a - a +0 mace (weapon)
Armour
 p - a +1 plate armour (worn)
Jewellery
 h - a +6 ring of intelligence (left hand)
Scrolls
 b - a scroll of blinking {unknown}
 c - a scroll of vulnerability {unknown}
 f - a scroll of brand weapon {unknown}
 n - 4 scrolls of teleportation
Potions
 d - a potion of heal wounds {unknown}
 e - a potion of lignification {unknown}
 j - 4 potions of curing


   Skills:
 * Level 7.3 Fighting
 + Level 7.9 Maces & Flails
 + Level 6.4 Armour
 + Level 3.0 Dodging
 + Level 0.1 Stealth


You had 7 spell levels left.
You didn't know any spells.
Your spell library was empty.

Dungeon Overview and Level Annotations

Branches:
Dungeon (6/15)              Sewer (visited)
 Temple: D:4-7

Altars:
Yredelemnul
Zin
The Shining One


Innate Abilities, Weirdness & Mutations

You have a pair of horns on your head.
You reflexively headbutt those who attack you in melee.


Message History

You are too injured to fight recklessly!
Hit: a) +0 mace
Press: ? - help, Dir - move target, f - troll
Aim: a troll (moderately wounded, about 36% to evade your +0 mace)
You hit the troll.
The troll is heavily wounded.
The troll bites you but does no damage. The troll claws you. x2
As you read the scroll of teleportation, it crumbles to dust.
You feel strangely unstable. The troll barely misses you.
You furiously retaliate!
You headbutt the troll! The troll closely misses you.
The troll claws you but does no damage.
Hit: a) +0 mace
Press: ? - help, Dir - move target, f/p - troll
Aim: a troll (severely wounded, about 36% to evade your +0 mace)
You hit the troll but do no damage. Your headbutt misses the troll.
The troll is severely wounded.
The troll bites you.
* * * LOW HITPOINT WARNING * * *
The troll claws you.
* * * LOW HITPOINT WARNING * * *
The troll claws you!
* * * LOW HITPOINT WARNING * * *
Hit: a) +0 mace
Press: ? - help, Dir - move target, f/p - troll
Aim: a troll (severely wounded, about 37% to evade your +0 mace)
You barely miss the troll. You headbutt the troll!
The troll is almost dead.
The troll bites you.
* * * LOW HITPOINT WARNING * * *
The troll claws you but does no damage. The troll completely misses you.
Hit: a) +0 mace
Press: ? - help, Dir - move target, f/p - troll
Aim: a troll (almost dead, about 37% to evade your +0 mace)
You hit the troll.
The troll is almost dead.
Your surroundings suddenly seem different.
An acid dragon comes into view.
The acid dragon spits acid at you. The splash of acid hits you!
You die...

#.. #..
#'#
####.#
#.....
#...T.
#######
#'####
#.....#
#...@.#
..
#.....#
....
#.....#
....
#..D...
#...
######..
#... ...
....
.....


You could see an acid dragon (catching breath).

Vanquished Creatures
  Duvessa (D:6)
  2 bullfrogs (Sewer)
  Dowan (D:6)
  A scorpion (D:4)
  A wyvern skeleton (D:6)
  A water moccasin skeleton (D:4)
  A bullfrog zombie (D:5)
  6 hounds
  A jelly (D:6)
  A bullfrog skeleton (D:6)
  An iguana (D:4)
  3 orc wizards (D:3)
  2 hound skeletons (D:4)
  A howler monkey zombie (D:5)
  11 adders
  A gnoll (D:1)
  2 adder skeletons
  4 worms
  7 dart slugs
  8 orcs
  15 ball pythons
  11 endoplasms
  10 giant cockroaches
  10 goblins
  5 hobgoblins (D:1)
  3 jackals (D:1)
  13 quokkas
  3 bats
  16 frilled lizards
  7 kobolds
  3 rats
152 creatures vanquished.

Notes
Turn   | Place    | Note
-------+----------+-------------------------------------------
     0 | D:1      | andesha the Minotaur Berserker began the quest for the Orb.
     0 | D:1      | Reached XP level 1. HP: 19/19 MP: 0/0
   169 | D:1      | Reached XP level 2. HP: 27/28 MP: 1/1
   354 | D:1      | Reached XP level 3. HP: 34/34 MP: 2/2
   738 | D:1      | Reached ** piety under Trog
   962 | D:1      | Found a faded altar of an unknown god.
  1035 | D:1      | Reached skill level 5 in Fighting
  1440 | D:2      | Reached XP level 4. HP: 40/42 MP: 3/3
  2259 | D:3      | Reached skill level 5 in Maces & Flails
  2259 | D:3      | Reached XP level 5. HP: 15/48 MP: 4/4
  2590 | D:3      | Reached *** piety under Trog
  2613 | D:3      | Found a glowing golden altar of the Shining One.
  3188 | D:4      | Reached XP level 6. HP: 53/57 MP: 5/5
  3372 | D:4      | Found a glowing drain.
  3377 | Sewer    | Entered a sewer
  3579 | Sewer    | Reached **** piety under Trog
  3726 | Sewer    | Reached skill level 5 in Armour
  3726 | Sewer    | Reached XP level 7. HP: 63/63 MP: 6/6
  4003 | D:4      | Found a basalt altar of Yredelemnul.
  4234 | D:5      | Entered Level 5 of the Dungeon
  4389 | D:5      | Found a glowing silver altar of Zin.
  4476 | D:5      | Reached ***** piety under Trog
  4979 | D:6      | Noticed Duvessa
  4982 | D:6      | Noticed Dowan
  4998 | D:6      | Killed Duvessa
  5002 | D:6      | Killed Dowan
  5003 | D:6      | Reached XP level 8. HP: 46/73 MP: 7/7
  5482 | D:6      | Noticed a troll
  5493 | D:6      | Killed from afar by an acid dragon

Illustrated notes

Levels and vault maps discovered:
D:1:      sevenhm_arrival_forest_fort_large_2, layout_basic,
          basic_ecumenical_altar, minmay_heptomino_d4
D:2:      layout_basic
D:3:      layout_basic, nicolae_tso_swordbearing_angel, minivault_25,
          guppyfry_early_lair_pool
D:4:      layout_rooms, nicolae_overflow_hidden_temple, gup_sewer_entry_bowl,
          minmay_misc_feat_x, grunt_ministairs_7, kennysheep_generic_room_16
D:5:      layout_basic, mainiacjoe_overflow_cross_hatched
D:6:      layout_gridville, lemuel_doored_altar, vehumet_statue, uniq_menkaure,
          uniq_prince_ribbit1, uniq_duvessa

Skill      XL: |  1  2  3  4  5  6  7  8 |
---------------+-------------------------+-----
Fighting       | 4 5 6 7 |  7.3
Maces & Flails | 4 5 6 7 |  7.9
Armour         | 4 5 6 |  6.4
Dodging        | 3 |  3.0
Stealth        | |  0.1

Action                   |  1- 3 |  4- 6 |  7- 9 || total
-------------------------+-------+-------+-------++-------
Melee: Mace              |    80 |   223 |   109 ||   412
       Headbutt          |    16 |    36 |    16 ||    68
Invok: Berserk           |       |     2 |     2 ||     4
  Use: Scroll            |       |     7 |     1 ||     8
       Potion            |       |     5 |       ||     5
Armor: Scale mail        |    29 |    56 |       ||    85
       Plate armour      |       |   100 |    63 ||   163
Dodge: Dodged            |    34 |   121 |    32 ||   187
